 Dungeon Crawl Stone Soup version 0.24.0-125-gc4c63601f3 (webtiles) character file.

Game seed: 17049374434104220142, levelgen mode: deterministic

43554 Amplified the Warrior (level 13, -3/134 HPs)
             Began as a Minotaur Earth Elementalist on Mar 19, 2020.
             Was a High Priest of Okawaru.
             Slain by a five-headed hydra (4 damage)
             ... on level 6 of the Lair of Beasts on Mar 20, 2020.
             The game lasted 00:28:30 (18407 turns).

Amplified the Warrior (MiEE)                       Turns: 18407, Time: 00:28:30

Health: -3/134     AC: 18    Str: 17    XL:     13   Next: 91%
Magic:  15/19      EV: 19    Int: 12    God:    Okawaru [*****.]
Gold:   700        SH:  4    Dex: 13    Spells: 12/14 levels left

rFire    . . .     SeeInvis .   c - +4 executioner's axe of the Swamp {protect, rElec rPois rN+ Dex+3}
rCold    + + .     Gourm    .   (shield currently unavailable)
rNeg     + . .     Faith    .   l - +1 ring mail
rPois    +         Spirit   .   (helmet restricted)
rElec    +         Reflect  .   e - +2 cloak
rCorr    .         Harm     +   y - +2 pair of gloves
MR       .....                  N - +0 pair of boots
Stlth    +++.......             J - amulet of harm
HPRegen  0.32/turn              j - ring of poison resistance
MPRegen  0.16/turn              L - ring of protection from cold

@: lethally poisoned (-3 -> -4), heroism, very slightly contaminated, studying
Ice Magic
A: retaliatory headbutt, horns 2, large bone plates 1, clumsy 1, cold resistance
1
a: Heroism, Finesse, Renounce Religion


You were on level 6 of the Lair of Beasts.
You worshipped Okawaru.
Okawaru was extremely pleased with you.
You were not hungry.

You visited 4 branches of the dungeon, and saw 21 of its levels.
You also visited: Bailey.

You collected 1865 gold pieces.
You spent 1165 gold pieces at shops.

Inventory:

Hand Weapons
 c - the +4 executioner's axe of the Swamp (weapon) {protect, rElec rPois rN+ Dex+3}
   (You took it off an orc warrior in a bailey)

   It grants its wielder temporary protection when it strikes (+7 to AC).
   It affects your dexterity (+3).
   It insulates you from electricity.
   It protects you from poison.
   It protects you from negative energy.
 Q - a +1 war axe of flaming
Missiles
 b - 611 stones (quivered)
 w - a throwing net
Armour
 e - a +2 cloak (worn)
 l - a +1 ring mail (worn)
 y - a +2 pair of gloves (worn)
 B - the cursed +1 leather armour of Absolutism {rElec rPois rN+ Str+2}
   (You found it on level 5 of the Lair of Beasts)

   It affects your strength (+2).
   It insulates you from electricity.
   It protects you from poison.
   It protects you from negative energy.
   It has a curse placed upon it.
 N - a +0 pair of boots (worn)
Magical Staves
 r - an uncursed staff of fire
Jewellery
 j - a ring of poison resistance (left hand)
 m - a +4 ring of intelligence
 A - an uncursed ring of ice
 J - an amulet of harm (around neck)
 L - a ring of protection from cold (right hand)
 P - an uncursed ring of positive energy
Wands
 o - a wand of random effects (27)
 p - a wand of digging (14)
 z - a wand of acid (12)
 C - a wand of disintegration (31)
 K - a wand of flame (15)
 M - a wand of paralysis (24)
 V - a wand of enslavement (4)
Scrolls
 g - 2 scrolls of immolation
 h - a scroll of holy word
 i - 2 scrolls of teleportation
 n - 2 scrolls of random uselessness
 s - 4 scrolls of amnesia
 u - a scroll of blinking
 E - 7 scrolls of remove curse
 I - a scroll of magic mapping
 O - a scroll of torment
 R - a scroll of brand weapon
 S - 2 scrolls of fog
 U - a scroll of fear
 W - a scroll of identify
Potions
 f - 3 potions of magic
 k - a potion of flight
 q - a potion of cancellation
 v - a potion of brilliance
 x - 3 potions of might
 D - a potion of heal wounds
 F - 5 potions of curing
 G - 5 potions of haste
 H - a potion of ambrosia
 T - 2 potions of agility
Books
 t - a manual of Ice Magic
Comestibles
 d - 31 rations


   Skills:
 * Level 17.6(22.6) Fighting
 * Level 14.4(19.7) Axes
   Level 5.5(16.0) Polearms
 - Level 9.0(14.0) Armour
 - Level 8.6(13.6) Dodging
 - Level 1.5(6.5) Stealth
 - Level 1.3 Spellcasting
 - Level 0.7 Transmutations
 * Level 6.7 Ice Magic
 - Level 2.4 Earth Magic
 - Level 9.4 Invocations


You had 12 spell levels left.
You knew the following spells:

 Your Spells              Type           Power        Failure   Level  Hunger
a - Passwall              Tmut/Erth      #.......     34%         2    ###....

Your spell library contained the following spells:

 Spells                   Type           Power        Failure   Level  Hunger
 Sandblast                Erth           #.....       16%         1    ##.....
 Ensorcelled Hibernation  Hex/Ice        #.....       17%         2    ###....
 Corona                   Hex            #......      41%         1    ##.....
 Magic Dart               Conj           #...         41%         1    ##.....
 Blink                    Tloc           N/A          54%         2    ###....
 Call Imp                 Summ           #.......     54%         2    ###....
 Slow                     Hex            #.......     54%         2    ###....
 Stone Arrow              Conj/Erth      #.....       63%         3    ####...
 Confuse                  Hex            #.......     78%         3    ####...
 Conjure Flame            Conj/Fire      #.......     78%         3    ####...
 Dazzling Spray           Conj/Hex       #.....       78%         3    ####...
 Mephitic Cloud           Conj/Pois/Air  #.......     78%         3    ####...
 Tukima's Dance           Hex            #.......     78%         3    ####...
 Petrify                  Tmut/Erth      #.......     93%         4    #####..
 Lee's Rapid Deconstruct  Erth           #.........   99%         5    ######.


Dungeon Overview and Level Annotations

Branches:
Dungeon (12/15)            Temple (1/1) D:7            Lair (6/6) D:9
  Swamp (0/4) Lair:2        Snake (0/4) Lair:2        Slime (0/5) Lair:6
    Orc (2/2) D:10            Elf (0/3) Orc:2        Bailey (visited)

Altars:
Ashenzari
Cheibriados
Dithmenos
Elyvilon
Fedhas
Gozag
Hepliaklqana
Kikubaaqudgha
Makhleb
Nemelex Xobeh
Okawaru
Qazlal
Ru
Sif Muna
Trog
Uskayaw
Vehumet
Wu Jian
Xom
Yredelemnul
Zin
The Shining One
Beogh

Shops:
D:5 *   D:8 }   D:10 !   Orc:1 [(*   Orc:2 :

Annotations:
D:3 2 transporters, RasselK's ghost, amateur HOFi
D:12 Azrael
Orc:1 1 runed translucent door, Maimakterion's ghost, journeyman GrFi


Innate Abilities, Weirdness & Mutations

You reflexively headbutt those who attack you in melee.
You have a pair of horns on your head.
You are partially covered in large bone plates. (SH +4)
You are clumsy. (Dex -2)
Your flesh is cold resistant. (rC+)


Message History

Press: ? - help, Shift-Dir - straight line A rock wall.
The rock shatters into small pieces.
A five-headed hydra comes into view.
You feel sick.
The five-headed hydra moves out of view.
Unknown command.
The five-headed hydra roars!
You hear an angry hiss.
A wyvern comes into view.
Found 20 gold pieces.
You feel sick.
The wyvern hisses angrily.
You hear an angry hiss.
A water moccasin comes into view.
The five-headed hydra bites you!
* * * LOW HITPOINT WARNING * * *
The five-headed hydra barely misses you.
The five-headed hydra bites you.
* * * LOW HITPOINT WARNING * * *
The five-headed hydra bites you.
You die...

....Jh§...$.........,.,,,**
.....l§..h........^,..,,,*
.....§............,...,,,*
.....§...Y.F....P#..,,,,,*
....§.....#YY.....,,,,,,,*
..........##..PP#,*,,,,,,*
..........#....##*,,,,,#**
..........#...#.####..PP**
...?.......#.###@D......,*
,,,,,,,......**#..#..S.P,*
,,,,,,,.,.P.,*,....P,..P**
,,,,,,,.....,,.......<,.,*
,,,,,,,....,,...l.......,**
,,,,,,,....,............,,*
,,,,,,,,,,,.............,**
,,,,,,,,,,..............**
,,,,,,,,,,,,,,,,,,,,,,,,*


You could see a death yak, a catoblepas, a five-headed hydra, an elephant
(petrifying), a polar bear (petrifying), a spiny frog, a water moccasin and a
wyvern.

Vanquished Creatures
  Erolcha (D:11)
  A hydra (Lair:5)
  Erica (D:8)
  A queen ant (Lair:2)
  6 death yaks (Lair:5)
  4 two-headed ogres
  An orc high priest (Orc:1)
  2 elephants (Lair:6)
  A guardian serpent (Lair:2)
  12 spiny frogs
  6 komodo dragons
  A queen bee (Lair:2)
  2 trolls
  A polar bear (Lair:3)
  Grinder (D:5)
  5 hippogriffs
  4 hornets
  6 wyverns
  12 spriggans (Lair:4)
  A vampire (D:10)
  3 fire bats (Lair:2)
  Eustachio (D:4)
  2 basilisks
  19 yaks
  A steam dragon (D:9)
  Grum (D:8)
  A hungry ghost (D:7)
  2 wargs
  12 water moccasins
  6 soldier ants (Lair:2)
  10 porcupines
  Duvessa (D:7)
  24 orc warriors
  7 phantoms
  6 black bears
  3 ice beasts
  5 sky beasts
  11 ogres
  2 necrophages (D:10)
  14 centaurs
  3 boggarts (Lair:4)
  12 wolves
  10 crocodiles
  6 big kobolds
  15 bullfrogs
  Dowan (D:7)
  7 scorpions
  30 killer bees
  13 wights
  9 howler monkeys
  7 electric eels
  3 crimson imps
  A centaur zombie (D:6)
  2 bullfrog zombies
  3 centaur skeletons
  5 hounds
  14 orc wizards
  15 orc priests
  Ijyb (D:3)
  2 bullfrog skeletons
  5 iguanas
  28 worker ants
  A killer bee zombie (D:8)
  2 hound zombies
  A hound skeleton (D:7)
  A howler monkey zombie (D:7)
  Robin (D:2)
  12 adders
  3 shadow imps
  2 adder skeletons
  An adder zombie (D:6)
  A worm (D:3)
  3 dart slugs (D:1)
  3 leopard geckos
  78 orcs
  2 ball pythons
  5 bats
  4 giant cockroaches
  28 goblins
  8 hobgoblins
  16 jackals
  4 quokkas
  2 frilled lizards
  33 kobolds
  3 leopard gecko skeletons
  A leopard gecko zombie (D:6)
  A quokka skeleton (D:9)
  6 rats
  3 fungi
  5 plants
622 creatures vanquished.

Vanquished Creatures (others)
  An elephant (Lair:6)
  A bush (D:5)
  A fungus (D:9)
  3 plants
6 creatures vanquished.

Grand Total: 628 creatures vanquished

Notes
Turn   | Place    | Note
-------+----------+-------------------------------------------
     0 | D:1      | Amplified the Minotaur Earth Elementalist began the quest
                  | for the Orb.
     0 | D:1      | Reached XP level 1. HP: 14/14 MP: 1/1
   180 | D:1      | Reached skill level 1 in Fighting
   313 | D:1      | Reached skill level 1 in Armour
   313 | D:1      | Reached XP level 2. HP: 23/23 MP: 0/3
   366 | D:1      | Found a shattered altar of Ashenzari.
   986 | D:2      | Found a burning altar of Makhleb.
  1004 | D:2      | Reached skill level 2 in Fighting
  1004 | D:2      | Reached skill level 1 in Polearms
  1004 | D:2      | Reached XP level 3. HP: 29/29 MP: 4/4
  1360 | D:2      | Found a bloodstained altar of Trog.
  1360 | D:2      | Found a snail-covered altar of Cheibriados.
  1365 | D:2      | Found a faded altar of an unknown god.
  1367 | D:2      | Found a white marble altar of Elyvilon.
  1369 | D:2      | Found an ancient bone altar of Kikubaaqudgha.
  1415 | D:2      | Found a hide-covered altar of Uskayaw.
  1466 | D:2      | Noticed Robin
  1477 | D:2      | Reached XP level 4. HP: 28/36 MP: 5/5
  1491 | D:2      | Killed Robin
  1789 | D:2      | Found a basalt altar of Yredelemnul.
  2314 | D:3      | Found a transporter.
  2314 | D:3      | Noticed RasselK's ghost (amateur HOFi)
  2390 | D:3      | Found a transporter.
  2525 | D:3      | Noticed Ijyb
  2695 | D:3      | Killed Ijyb
  2695 | D:3      | Reached XP level 5. HP: 44/44 MP: 6/6
  2942 | D:3      | Reached skill level 3 in Fighting
  3762 | D:4      | Reached XP level 6. HP: 50/51 MP: 7/7
  4006 | D:4      | Noticed Eustachio
  4061 | D:5      | Entered Level 5 of the Dungeon
  4095 | D:5      | Reached skill level 4 in Fighting
  4129 | D:5      | Reached XP level 7. HP: 36/60 MP: 8/8
  4247 | D:5      | Noticed a wyvern
  4259 | D:5      | Killed a wyvern
  4259 | D:5      | Reached skill level 5 in Dodging
  4368 | D:5      | Noticed Grinder
  4371 | D:5      | Paralysed by Grinder for 7 turns
  4487 | D:4      | Killed Eustachio
  4487 | D:4      | Reached skill level 5 in Fighting
  4487 | D:4      | Reached skill level 5 in Armour
  4793 | D:4      | Reached skill level 5 in Polearms
  5036 | D:4      | Reached XP level 8. HP: 69/69 MP: 9/9
  5130 | D:4      | Found a stormy altar of Qazlal.
  5530 | D:5      | Killed Grinder
  5530 | D:5      | Reached skill level 6 in Fighting
  5530 | D:5      | Reached skill level 1 in Axes
  5578 | D:5      | Found a blossoming altar of Fedhas.
  5730 | D:5      | Found Zeudd's General Store.
  5735 | D:5      | Bought a scroll of teleportation for 42 gold pieces
  5735 | D:5      | Bought a potion of haste for 140 gold pieces
  5735 | D:5      | Bought a potion of curing for 42 gold pieces
  5735 | D:5      | Bought a potion of curing for 42 gold pieces
  5933 | D:5      | Reached XP level 9. HP: 78/78 MP: 10/10
  6163 | D:6      | Reached skill level 7 in Fighting
  6289 | D:6      | Found a sacrificial altar of Ru.
  7184 | D:7      | Reached skill level 5 in Axes
  7210 | D:7      | Found a snail-covered altar of Cheibriados.
  7241 | D:7      | Reached skill level 8 in Fighting
  7317 | D:7      | Noticed Duvessa
  7317 | D:7      | Noticed Dowan
  7337 | D:7      | Killed Duvessa
  7358 | D:7      | Found a flagged portal.
  7359 | D:7      | Killed Dowan
  7391 | Bailey   | Entered a bailey
  7836 | Bailey   | Reached XP level 10. HP: 36/90 MP: 11/11
  8256 | Bailey   | Identified the +4 executioner's axe of the Swamp {protect,
                  | rElec rPois rN+ Dex+3}
  8889 | Bailey   | Reached skill level 9 in Fighting
  9139 | D:7      | Found a staircase to the Ecumenical Temple.
  9151 | Temple   | Entered the Ecumenical Temple
  9217 | Temple   | Became a worshipper of Warmaster Okawaru
  9448 | D:7      | Reached skill level 1 in Invocations
  9533 | D:7      | Reached skill level 10 in Fighting
  9985 | D:8      | Reached * piety under Okawaru
 10086 | D:8      | Noticed Erica
 10106 | D:8      | Killed Erica
 10106 | D:8      | Reached skill level 11 in Fighting
 10116 | D:8      | Gained mutation: You are partially covered in large bone
                  | plates. (SH +4) [potion of mutation]
 10116 | D:8      | Gained mutation: You are clumsy. (Dex -2) [potion of
                  | mutation]
 10116 | D:8      | Gained mutation: Your flesh is cold resistant. (rC+)
                  | [potion of mutation]
 10463 | D:8      | Found a sparkling altar of Nemelex Xobeh.
 10464 | D:8      | Noticed a two-headed ogre
 10472 | D:8      | Killed a two-headed ogre
 10472 | D:8      | Reached XP level 11. HP: 67/102 MP: 11/13
 10488 | D:8      | Noticed a two-headed ogre
 10496 | D:8      | Killed a two-headed ogre
 10496 | D:8      | Reached ** piety under Okawaru
 10568 | D:8      | Reached skill level 12 in Fighting
 10575 | D:8      | Noticed Grum
 10590 | D:8      | Killed Grum
 10659 | D:8      | Found Kikhiadat's Gadget Shoppe.
 10676 | D:8      | Noticed a two-headed ogre
 10683 | D:8      | Killed a two-headed ogre
 10683 | D:8      | Reached skill level 5 in Invocations
 10939 | D:9      | Noticed a two-headed ogre
 10950 | D:9      | Killed a two-headed ogre
 11041 | D:9      | Reached skill level 13 in Fighting
 11062 | D:9      | Reached *** piety under Okawaru
 11150 | D:9      | Reached skill level 10 in Axes
 11313 | D:9      | Found an opulent altar of Gozag.
 11317 | D:9      | Found a staircase to the Lair.
 11342 | D:9      | Reached **** piety under Okawaru
 11553 | D:10     | Entered Level 10 of the Dungeon
 11569 | D:10     | Reached skill level 14 in Fighting
 12152 | D:10     | Found Amouts's Distillery.
 12161 | D:10     | Reached XP level 12. HP: 115/118 MP: 16/16
 12166 | D:10     | Bought a potion of heal wounds for 65 gold pieces
 12166 | D:10     | Bought a potion of curing for 39 gold pieces
 12166 | D:10     | Bought a potion of haste for 130 gold pieces
 12166 | D:10     | Bought a potion of haste for 130 gold pieces
 12166 | D:10     | Bought a potion of haste for 130 gold pieces
 12166 | D:10     | Bought a potion of ambrosia for 104 gold pieces
 12335 | D:10     | Found a staircase to the Orcish Mines.
 12412 | D:10     | Received a gift from Okawaru
 12798 | D:11     | Noticed Erolcha
 12808 | D:11     | Killed Erolcha
 13074 | D:11     | Learned a level 2 spell: Passwall
 13079 | D:11     | Found an opulent altar of Gozag.
 13320 | D:12     | Noticed a two-headed ogre
 13321 | D:12     | Noticed Azrael
 13322 | D:12     | Noticed a two-headed ogre
 13323 | D:12     | Noticed a two-headed ogre
 13326 | D:11     | Reached skill level 15 in Fighting
 13391 | Lair:1   | Entered Level 1 of the Lair of Beasts
 14244 | Lair:2   | Found a staircase to the Swamp.
 14249 | Lair:2   | Reached ***** piety under Okawaru
 14394 | Orc:1    | Entered Level 1 of the Orcish Mines
 14394 | Orc:1    | Found Xepheesi's Weapon Shop.
 14409 | Orc:1    | Noticed an orc high priest
 14423 | Orc:1    | Killed an orc high priest
 14435 | Orc:1    | Found Suotzeoth's Food Boutique.
 14509 | Orc:1    | Found a roughly hewn altar of Beogh.
 14534 | Orc:1    | Found Tiod Wall's Antique Armour Emporium.
 14543 | Orc:1    | Bought a pair of boots for 121 gold pieces
 14548 | Orc:1    | Found a runed translucent door.
 14630 | Orc:1    | Found Walurhyk's Assorted Antiques.
 14638 | Orc:1    | Bought a scroll labeled SUAPNE UMOTWO for 30 gold pieces
 14638 | Orc:1    | Bought a runed bronze ring for 150 gold pieces
 14668 | Orc:1    | Noticed Maimakterion's ghost (journeyman GrFi)
 14706 | Orc:2    | Entered Level 2 of the Orcish Mines
 14716 | Orc:2    | Found a staircase to the Elven Halls.
 14739 | Orc:2    | Found Voif's Book Shop.
 14790 | Orc:2    | Found a bloodstained altar of Trog.
 15134 | Lair:2   | Reached skill level 16 in Fighting
 15180 | Lair:2   | Received a gift from Okawaru
 15332 | Lair:2   | Noticed a queen ant
 15337 | Lair:2   | Killed a queen ant
 15351 | Lair:2   | Found a staircase to the Snake Pit.
 16092 | Lair:3   | Identified a scroll of acquirement
 16184 | Lair:3   | Reached skill level 1 in Ice Magic
 16184 | Lair:3   | Reached XP level 13. HP: 119/130 MP: 19/19
 17219 | Lair:4   | Reached skill level 17 in Fighting
 17520 | Lair:5   | Reached skill level 5 in Ice Magic
 17823 | Lair:5   | Got an encrusted leather armour
 17831 | Lair:5   | Identified the cursed +1 leather armour of Absolutism
                  | {rElec rPois rN+ Str+2} (You found it on level 5 of the
                  | Lair of Beasts)
 17883 | Lair:5   | Reached ****** piety under Okawaru
 18364 | Lair:6   | Entered Level 6 of the Lair of Beasts
 18407 | Lair:6   | HP: 5/134 [five-headed hydra (15)]
 18407 | Lair:6   | HP: 1/134 [five-headed hydra (4)]
 18407 | Lair:6   | Slain by a five-headed hydra

Levels and vault maps discovered:
D:1:      ncdulo_wetmaze, layout_loops_ring, nicolae_ashenzari_panopticon
D:2:      layout_loops_ring, eat_drink_and_be_merry_uskayaw,
          chequers_temple_overflow_minitemple, makhleb_heckhound_becter,
          serial_rivers, chequers_serial_rivers_marsh,
          chequers_serial_rivers_micro_c, chequers_serial_rivers_micro_a,
          chequers_serial_rivers_micro_b, chequers_serial_rivers_micro_c,
          chequers_serial_rivers_micro_a, yredelemnul_altar_generic, uniq_robin
D:3:      layout_loops_ring, gammafunk_ghost_mausoleum, uniq_ijyb
D:4:      kennysheep_goblin_castle, layout_loops_corners, kennysheep_mini,
          first_ration, minmay_box_of_dots, uniq_eustachio
D:5:      layout_basic, serial_shops, kennysheep_little_box,
          grunt_decor_fettered, fedhas_bush_and_centaur_altar, uniq_grinder
D:6:      layout_cave_pods, lemuel_crystal_altar
D:7:      kennysheep_six_static_rooms, layout_basic, minmay_temple_entry_arrows,
          basic_altar, enter_bailey_3, dk_noncrumbling_4, grunt_ogre_cave,
          uniq_duvessa
D:8:      layout_gridville, serial_shops, shop_coins,
          nemelex_xobeh_ov_fountains_minmay, uniq_erica, uniq_grum
D:9:      layout_cave_pools, overflow_temple_1_default, minmay_lair_entry_grove
D:10:     layout_loops_ring, david_orc_4, serial_shops, shop
D:11:     layout_small_grid, nicolae_gozag_cash_rules_everything_around_me,
          uniq_erolcha
D:12:     layout_cave_pools, serial_shops, nicolae_shop_statue_plus,
          minmay_unpleasant_kobolds, uniq_azrael
Temple:   cyrus_circular_temple
Lair:1:   layout_cave_pods, patterned_corridor
Lair:2:   layout_cave_pods, swamp_mist_pool, minmay_snake_entry_spellcaster,
          special_room [special_room_bee], nicolae_volcano_entry_batcave,
          serial_bayou_lagoon_a, ldierk_geyser, serial_bayou_pond_b,
          chequers_serial_rivers_micro_c, chequers_serial_rivers_micro_b,
          minivault_26, minmay_another_anthill
Lair:3:   layout_chaotic_city, lemuel_fruit_tree, serial_bayou_shore_a
Lair:4:   kb_forest_paths, layout_misc_corridors, hibernation_bobbens
Lair:5:   layout_long_grid, serial_bayou_lake_a, grunt_megastairs_5
Lair:6:   evilmike_catoblepas_cave, layout_gridlike,
          nicolae_slime_entry_slimehenge, lemuel_another_geyser
Orc:1:    layout_caves, ebering_ghost_reflecting_pool, serial_shops,
          nicolae_shop_stone, shop, nicolae_shop_overgrown_old_shop,
          nicolae_shop_trees, nicolae_shop_overgrown_old_shop, mines2_david
Orc:2:    grunt_orc_tribal_feast, layout_caves, basic_altar, serial_shops,
          shop_statue

Skill      XL: |  1  2  3  4  5  6  7  8  9 10 11 12 13 |
---------------+----------------------------------------+-----
Fighting       | 1 2 3 4 5 6 8 11 14 16 17 | 17.6
Armour         | 1 2 3 4 5 6 8 9 |  9.0
Polearms       | 1 2 3 4 5 |  5.5
Dodging        | 3 4 5 6 8 |  8.6
Axes           | 3 6 8 10 12 14 | 14.4
Invocations    | 4 7 9 |  9.4
Ice Magic      | 1 6 |  6.7
Stealth        | |  1.5
Spellcasting   | |  1.3
Transmutations | |  0.7
Earth Magic    | |  2.4

Action                   |  1- 3 |  4- 6 |  7- 9 | 10-12 | 13-15 || total
-------------------------+-------+-------+-------+-------+-------++-------
Melee: Club              |     9 |       |       |       |       ||     9
       Headbutt          |     6 |    28 |    57 |   116 |    33 ||   240
       Spear             |    55 |   275 |   125 |       |       ||   455
       Hand axe          |       |       |   233 |    41 |       ||   274
       Unarmed           |       |       |     3 |       |       ||     3
       Executioner's axe |       |       |       |   648 |   186 ||   834
       War axe           |       |       |       |       |     4 ||     4
 Cast: Sandblast         |     6 |       |       |     3 |       ||     9
Invok: Heroism           |       |       |       |    14 |     5 ||    19
       Finesse           |       |       |       |     1 |     2 ||     3
Evoke: Wand              |       |     9 |    39 |    22 |     3 ||    73
  Use: Potion            |     4 |     4 |     5 |    12 |       ||    25
       Scroll            |     1 |     8 |     8 |    20 |     4 ||    41
 Stab: Sleeping          |     2 |     3 |     1 |       |       ||     6
       Fleeing           |       |       |       |     1 |       ||     1
       Confused          |       |       |       |     4 |       ||     4
       Petrified         |       |       |       |       |     4 ||     4
  Eat: Chunk             |     1 |     2 |    13 |    13 |     5 ||    34
       Ration            |       |     2 |       |     5 |     1 ||     8
Armor: Robe              |    11 |     8 |       |       |       ||    19
       Skin              |       |    25 |       |       |       ||    25
       Ring mail         |       |    27 |   124 |   329 |    99 ||   579
Dodge: Dodged            |    31 |   133 |   317 |   858 |   117 ||  1456
Block: Other             |       |       |       |   124 |    27 ||   151
